AoeStats
← Rolito

Nomad

510824059Analyzed
2v2 RM · 12h ago on Oct 2, 2026· 48m 49s· 4 players
Game mode
Random Map
Map size
176×176
Population
200
Speed
Normal
Resources
Standard
Victory
Conquest
Starting age
Dark Age
Ending age
Imperial Age
RankedLock teamsTeams togetherTeam positionsShared explorationLock speedFull tech treeHidden civsTurbo modeCheats
Victory
Defeat
🇨🇴 Aztecs · Colombia
771
+13
🇨🇴 Sicilians · Colombia
732
+14
🇮🇳 Teutons · India
701
-14
🇺🇸 Persians · United States
698
-13
Natearthur123
6:09 Loom
22:39 Feudal Age
26:08 Fletching
29:00 Castle Age
28:11 Forging
28:08 Scale Barding Armor
28:18 Bloodlines
30:09 Bodkin Arrow
38:01 Chain Barding Armor
38:17 Iron Casting
Incognito3597
16:49 Feudal Age
17:16 Double-Bit Axe
18:08 Wheelbarrow
17:13 Horse Collar
16:57 Man-at-Arms
21:23 Gold Mining
21:23 Stone Mining
21:19 Fishing Lines
25:20 Castle Age
27:04 Stone Shaft Mining
25:55 Long Swordsman
26:21 Gambesons
26:36 Squires
39:26 Hand Cart
40:53 Fletching
42:17 Bow Saw
42:14 Heavy Plow
42:42 Gillnets
Rolito
15:31 Feudal Age
16:32 Arson
20:38 Scale Mail Armor
20:48 Forging
25:59 Castle Age
23:56 Gold Mining
23:53 Horse Collar
26:54 Squires
26:23 Eagle Warrior
27:24 Chain Mail Armor
29:03 Iron Casting
38:35 Imperial Age
41:10 Gold Shaft Mining
41:35 Plate Mail Armor
43:01 Heavy Plow
42:50 Double-Bit Axe
43:55 Elite Eagle Warrior
liam
6:53 Loom
16:43 Feudal Age
19:55 Double-Bit Axe
20:08 Stone Mining
22:56 Forging
25:02 Horse Collar
26:11 Scale Mail Armor
28:47 Gold Mining
35:56 Castle Age
36:14 Pikeman
37:36 Iron Casting
37:18 Chain Mail Armor
37:27 Heavy Plow
37:40 Bow Saw
50:40 Imperial Age
Connection lost

Rejoining the realm…

Still unreachable

The connection could not be restored.

Session expired

The server has moved on; the page needs a fresh start.